 Dungeon Crawl Stone Soup version 0.23.2-40-g277498a001 (webtiles) character file.

Game seed: 16228735901315557352

2 MalarOregon the Ruffian (level 1, 0/16 HPs)
             Began as a Draconian Transmuter on Sept 13, 2019.
             Slain by a hobgoblin
             ... wielding a +0 club
              (3 damage)
             ... on level 1 of the Dungeon.
             The game lasted 00:00:47 (46 turns).

MalarOregon the Ruffian (Draconian Transmuter)        Turns: 46, Time: 00:00:48

Health: 0/16       AC:  4    Str: 12    XL:     1   Next: 33%
Magic:  2/3        EV: 12    Int: 13    God:
Gold:   7          SH:  0    Dex: 11    Spells: 3/4 levels left

rFire    . . .     SeeInvis .     - Unarmed
rCold    . . .     Gourm    .   (no shield)
rNeg     . . .     Faith    .   (armour unavailable)
rPois    .         Spirit   .   (helmet restricted)
rElec    .         Reflect  .   (no cloak)
rCorr    .         Harm     .   (no gloves)
MR       .....                  (boots currently unavailable)
Stlth    +.........             (no amulet)
HPRegen  0.05/turn              (no ring)
MPRegen  0.08/turn              (no ring)

@: appendage (expiring), very slightly contaminated
A: unfitting armour, talons 3, cold-blooded, AC +4
a: End Transformation


You were on level 1 of the Dungeon.
You were not hungry.
You had grown temporary talons.
You visited 1 branch of the dungeon, and saw 1 of its levels.

You collected 7 gold pieces.

Inventory:

Missiles
 a - 12 arrows
Comestibles
 e - a ration {!d}


   Skills:
 + Level 1.2 Fighting
 + Level 1.8 Dodging
 + Level 3.0 Unarmed Combat
 + Level 2.0 Spellcasting
 + Level 2.0 Transmutations


You had 3 spell levels left.
You knew the following spells:

 Your Spells              Type           Power        Failure   Level  Hunger
a - Beastly Appendage     Tmut           #.....       11%         1    ##.....

Your spell library contained the following spells:

 Spells                   Type           Power        Failure   Level  Hunger
 Sticks to Snakes         Tmut           #.......     17%         2    ###....
 Spider Form              Tmut/Pois      #.........   45%         3    ####...
 Ice Form                 Ice/Tmut       #.......     86%         4    #####..
 Blade Hands              Tmut           #.........   97%         5    ######.


Dungeon Overview and Level Annotations

Branches:
Dungeon (1/15)

Altars:


Innate Abilities, Weirdness & Mutations

Your plain brown scales are hard. (AC +4)
You cannot fit into any form of body armour.
You are cold-blooded and may be slowed by cold attacks.
You have claws for feet.


Message History

Found a ring mail.
You see here a ring mail.
Found a scroll labeled ATUABUFUCS.
A rat and 2 goblins come into view.
There are monsters nearby!
There are monsters nearby!
You see here a scroll labeled ATUABUFUCS.
A hobgoblin comes into view. It is wielding a +0 club.
The goblin hits you but does no damage.
Found a ring mail.
You hit the goblin. The goblin hits you with a +0 club.
You barely miss the goblin.
The goblin shouts!
You hear a shout! x2
The goblin barely misses you.
You hit the goblin.
You kill the goblin!
You miscast Beastly Appendage.
You are very lightly contaminated with residual magic.
Nothing appears to happen.
The rat bites you but does no damage.
You closely miss the rat. The rat bites you but does no damage.
You barely miss the goblin. The goblin hits you with a +0 dagger.
The rat misses you.
You hit the hobgoblin but do no damage. The hobgoblin completely misses you.
A goblin comes into view. It is wielding a +0 club.
The goblin hits you with a +0 dagger. The rat bites you but does no damage.
You barely miss the hobgoblin.
The hobgoblin hits you but does no damage.
The goblin hits you but does no damage. The rat barely misses you.
You hit the hobgoblin. The hobgoblin misses you.
The goblin hits you with a +0 dagger.
* * * LOW HITPOINT WARNING * * *
The rat bites you.
* * * LOW HITPOINT WARNING * * *
You see here a scroll labeled ATUABUFUCS.
Your feet morph into talons.
The goblin hits you with a +0 dagger.
* * * LOW HITPOINT WARNING * * *
The hobgoblin closely misses you.
You see here a ring mail.
You hit the goblin. The goblin hits you with a +0 dagger.
* * * LOW HITPOINT WARNING * * *
You barely miss the goblin. You claw the goblin.
You kill the goblin!
You barely miss the hobgoblin. Your kick misses the hobgoblin.
You hit the hobgoblin.
Your transformation is almost over.
The hobgoblin closely misses you.
You completely miss the hobgoblin.
You claw the hobgoblin, but do no damage.
The hobgoblin hits you with a +0 club.
You die...

.[........##.
........... #..)......
##g........ #r?.#######
####.### ####### #....#
#≈≈>≈§# .
.....##.##########≈§§≈≈#
.# ..##
#.rgg@....##≈§§§§##...
##########..§≈≈≈...#
..##....8.....8.###
#..........<.......
##.........8.....#.
#..............##
#..............#
#.........8....#
#..............#


You could see a hobgoblin, a goblin and a rat.

Vanquished Creatures
  2 goblins (D:1)
2 creatures vanquished.

Notes
Turn   | Place    | Note
-------+----------+-------------------------------------------
     0 | D:1      | MalarOregon the Draconian Transmuter began the quest for
                  | the Orb.
     0 | D:1      | Reached XP level 1. HP: 16/16 MP: 3/3
    46 | D:1      | Slain by a hobgoblin

Action                   || total
-------------------------++-------
Melee: Unarmed           ||    13
       Kick              ||     2
 Cast: Beastly Appendage ||     1
Armor: Skin              ||     5
Dodge: Dodged            ||     7
